Map: Ulrena

Players

LilDicky - Winner!

  • Race: Terran Terran
  • League: Diamond

LiNk

  • Race: Protoss Protoss
  • League: Diamond

VOD

http://www.twitch.tv/tumescentpie

Description

Time

  • Played on: Nov. 22, 2015, 10:43 p.m.
  • Length: 7:48
Show
View Real Time Build Order
Export as new Build Order

LilDicky Terran - Winner!

Build Orders: MMM Bio 

Get SALT Encoding   

  12  0:01  SCV  
  13  0:13  SCV  
  14  0:18  Supply Depot  
  14  0:25  SCV  
  15  0:30  Refinery  
  15  0:39  SCV  
  16  0:51  Barracks  
  16  0:55  SCV  
  17  1:07  SCV  
  18  1:19  SCV  
  19  1:31  SCV  
  20  1:39  Marine  
  21  1:43  Factory, Orbital Command  
  21  1:51  Supply Depot  
  21  1:56  Marine  
  22  2:13  SCV  
  23  2:20  Barracks  
  23  2:24  Barracks  
  23  2:27  Barracks Reactor, Refinery  
  23  2:29  Supply Depot  
  23  2:41  SCV  
  24  2:53  SCV  
  25  3:05  SCV  
  26  3:06  Marine x2  
  26  3:10  Barracks Tech Lab  
  26  3:11  Barracks Tech Lab  
  26  3:12  Widow Mine  
  30  3:22  SCV  
  30  3:23  Marine  
  30  3:26  Supply Depot  
  32  3:31  Combat Shields  
  32  3:32  Stimpack  
  32  3:33  Marauder x2  
  36  3:34  SCV  
  37  3:54  SCV  
  36  3:56  Marauder x2, Marine x2  
  43  4:10  SCV  
  43  4:13  Starport, Marine  
  43  4:14  Marine  
  45  4:17  Marauder  
  47  4:24  SCV, Marauder  
  50  4:37  SCV  
  50  4:38  Marine x2  
  52  4:39  Marauder  
  52  4:42  Supply Depot  
  55  4:59  Supply Depot  
  55  5:04  Marauder, SCV, Medivac, Marine  
  63  5:07  Marauder  
  63  5:20  SCV, Marine  
  65  5:26  Marauder  
  69  5:28  Marauder  
  69  5:29  Supply Depot  
  47  6:09  Marine x3  
  47  6:10  Marine  
  47  6:11  Medivac  
  46  6:27  Marine x2  
  46  6:28  Marauder x2  
  46  6:31  SCV  
  53  6:44  Command Center  
  53  7:07  Marine  
  53  7:08  Marine  
  44  7:27  Marine x3  
Show
View Real Time Build Order
Export as new Build Order

LiNk Protoss 

Build Orders: Nexus First 

Get SALT Encoding   

  12  0:01  Probe (Chrono Boost)  
  13  0:11  Probe (Chrono Boost)  
  14  0:18  Pylon  
  14  0:22  Probe (Chrono Boost)  
  15  0:37  Probe (Chrono Boost)  
  16  0:56  Nexus  
  16  0:59  Probe (Chrono Boost)  
  17  1:10  Probe (Chrono Boost)  
  18  1:15  Gateway  
  18  1:20  Probe (Chrono Boost)  
  18  1:24  Assimilator  
  19  1:28  Assimilator  
  19  1:31  Probe (Chrono Boost)  
  20  1:41  Probe (Chrono Boost)  
  20  1:59  Pylon  
  20  2:02  Cybernetics Core  
  20  2:05  Probe (Chrono Boost), Pylon  
  20  2:08  Probe (Chrono Boost)  
  22  2:16  Probe (Chrono Boost)  
  22  2:19  Probe (Chrono Boost)  
  22  2:21  Zealot (Chrono Boost)  
  26  2:26  Probe (Chrono Boost)  
  27  2:33  Pylon  
  27  2:38  Mothership Core (Chrono Boost)  
  27  2:41  Warp Gate (Chrono Boost)  
  29  2:47  Pylon  
  29  2:50  Probe (Chrono Boost)  
  30  2:56  Adept  
  32  3:07  Robotics Facility  
  33  3:12  Probe (Chrono Boost)  
  33  3:22  Pylon  
  33  3:26  Probe  
  33  3:27  Probe  
  34  3:30  Assimilator  
  35  3:36  Pylon  
  35  3:39  Probe  
  36  3:51  Probe  
  36  3:52  Probe  
  38  3:56  Observer  
  38  3:57  Stalker  
  38  4:01  Probe  
  41  4:07  Gateway  
  41  4:08  Probe  
  43  4:12  Probe  
  44  4:18  Robotics Bay  
  44  4:20  Probe, Forge  
  44  4:21  Observer  
  46  4:32  Probe  
  46  4:33  Probe  
  48  4:39  Pylon  
  48  4:42  Probe  
  48  4:45  Probe, Immortal  
  54  4:57  Protoss Ground Weapons Level 1, Assimilator  
  54  5:02  Photon Cannon  
  54  5:05  Photon Cannon  
  54  5:06  Probe  
  54  5:07  Probe  
  56  5:16  Zealot  
  56  5:17  Probe  
  56  5:19  Probe  
  60  5:24  Nexus  
  60  5:30  Pylon  
  60  5:33  Observer  
  60  5:34  Probe  
  60  5:35  Probe  
  63  5:39  Pylon  
  46  5:59  Stalker x2  
  43  6:09  Pylon  
  36  6:11  Pylon  
  36  6:12  Probe  
  36  6:15  Disruptor (Chrono Boost)  
  29  6:31  Mothership Core  
  30  6:35  Gateway  
  30  6:36  Gateway  
  30  6:37  Zealot  
  30  6:38  Zealot  
  27  7:09  Stalker x2  
  27  7:35  Stalker  
  27  7:36  Stalker x2  
Tags
 
Add a new tag
Caveats
  • Supply blocks, unpowered buildings, or Contaminate may cause inaccurate times.
  • Supply counts are checked every 10 seconds.